 Dungeon Crawl Stone Soup version 0.29-a0-96-g93358da72b (webtiles) character file.

Game seed: 5491329099467231277

189 Essalna the Digger (level 5, -18/28 HPs)
             Began as a Gargoyle Earth Elementalist on Feb 11, 2022.
             Demolished by a two-headed ogre (22 damage)
             ... on level 4 of the Dungeon.
             The game lasted 00:06:52 (3535 turns).

Essalna the Digger (Gargoyle Earth Elementalist)    Turns: 3535, Time: 00:06:52

Health: -18/28     AC:  8    Str: 12    XL:     5   Next: 68%
Magic:  10/10      EV: 11    Int: 17    God:
Gold:   135        SH:  0    Dex: 10    Spells: 7/11 levels left

rFire   . . .      SeeInvis .   a - +0 short sword
rCold   + . .      Faith    .   (no shield)
rNeg    + . .      Spirit   .   b - +0 robe
rPois   ∞          Reflect  .   p - +0 helmet
rElec   +          Harm     .   e - +0 cloak
rCorr   .          Rampage  .   (no gloves)
Will    .....                   (no boots)
Stlth   ++........              (no amulet)
HPRegen 0.09/turn               q - ring of protection from cold
MPRegen 0.12/turn               (no ring)

@: no status effects
A: sickness immunity, AC +4, negative energy resistance 1, electricity
resistance, torment resistance 1, petrification resistance
a: no special abilities


You were on level 4 of the Dungeon.
You visited 1 branch of the dungeon, and saw 4 of its levels.

You collected 135 gold pieces.

Inventory:

Hand Weapons
 a - a +0 short sword (weapon)
Missiles
 m - 27 stones
Armour
 b - a +0 robe (worn)
 e - a +0 cloak (worn)
 p - a +0 helmet (worn)
 w - a +0 cloak
Jewellery
 q - a ring of protection from cold (left hand)
Wands
 n - a wand of paralysis (5)
 o - a wand of flame (18)
Scrolls
 d - 5 scrolls of identify {unknown}
 h - 3 scrolls of teleportation {unknown}
 j - a scroll of enchant armour {unknown}
 l - a scroll of noise {unknown}
 s - a scroll of magic mapping {unknown}
 u - a scroll of torment {unknown}
 v - a scroll of amnesia {unknown}
Potions
 c - a potion of ambrosia {unknown}
 f - 2 potions of mutation {unknown}
 g - a potion of resistance {unknown}
 i - 3 potions of flight {unknown}
 k - 2 potions of curing {unknown}
 r - 2 potions of heal wounds {unknown}
 t - a potion of brilliance {unknown}


   Skills:
 - Level 1.5 Dodging
 - Level 2.1 Stealth
 + Level 3.5 Spellcasting
 + Level 2.6 Conjurations
 - Level 0.7 Transmutations
 + Level 5.4 Earth Magic


You had 7 spell levels left.
You knew the following spells:

 Your Spells              Type           Power      Damage    Failure   Level
a - Sandblast             Erth           42%        2d11      1%          1
b - Stone Arrow           Conj/Erth      32%        3d9       10%         3

Your spell library contained the following spells:

 Spells                   Type           Power      Damage    Failure   Level
 Passwall                 Tmut/Erth      10%        N/A       7%          2
 Static Discharge         Conj/Air       7%         N/A       14%         2
 Animate Skeleton         Necr           6%         N/A       17%         1
 Apportation              Tloc           6%         N/A       17%         1
 Summon Small Mammal      Summ           12%        N/A       17%         1
 Petrify                  Tmut/Erth      13%        N/A       43%         4
 Sticky Flame             Conj/Fire      7%         2d3       67%         4
 Dispel Undead            Necr           3%         3d7       86%         4


Dungeon Overview and Level Annotations

Branches:
Dungeon (4/15)             Temple (0/1) D:4

Altars:
Ashenzari
Kikubaaqudgha

Shops:
D:2 [!(*(


Innate Abilities, Weirdness & Mutations

You are immune to sickness and miasma.
Your stone body is resilient. (AC +4)
You are immune to poison.
You resist negative energy. (rN+)
You are resistant to electric shocks. (rElec)
You are resistant to unholy torment.
You are immune to petrification.


Message History

The blast of sand hits the adder!
The adder is almost dead.
The adder bites you.
The blast of sand hits the adder!
You kill the adder!
The blast of sand hits the two-headed ogre.
The two-headed ogre is lightly wounded.
The two-headed ogre hits you with a +0 giant club.
The two-headed ogre completely misses you.
The blast of sand hits the two-headed ogre.
The two-headed ogre is lightly wounded.
The two-headed ogre closely misses you.
The two-headed ogre hits you with a +0 giant spiked club!!
Ouch! That really hurt!
* * * LOW HITPOINT WARNING * * *
You are too injured to fight recklessly!
You are too injured to fight recklessly!
Casting: Sandblast (safe; 1% risk of failure)
Confirm with . or Enter, or press ? or * to list all spells.
Aiming: Sandblast (safe; 1% risk of failure)
Press: ? - help, Shift-Dir - straight line, f/p - two-headed ogre
Aim: a two-headed ogre, wielding a +0 giant club and a +0 giant spiked club (lightly wounded, 91% to hit)
The blast of sand hits the two-headed ogre!
The two-headed ogre is moderately wounded.
There is a staircase to the Ecumenical Temple here.
There is a staircase to the Ecumenical Temple here.
An orc comes into view. It is wielding a +0 war axe.
Found an ancient bone altar of Kikubaaqudgha.
Found a fuming ruby potion.
The orc hits you with a +0 war axe.
* * * LOW HITPOINT WARNING * * *
Found a robe.
Found 8 gold pieces.
Found a book of Vapours.
You see here 8 gold pieces.
Okay, then.
Okay, then.
The two-headed ogre hits you with a +0 giant club!!
Ouch! That really hurt!
You die...

###.###.# #.# #..# #.# #.#
###.####.#######.#
...............#.#
#########..##...#...#
###...#####.#..#.#.o..#
...###.##...#....#..#.####
#.## ##.#....#...O##..##.#
<## ##........@......#.# .#
#.....##....#...#.# .#
#....#..#....#..#.########
#.
#.#.#....#.#..#..........†.
#
#.##.##..#...##..#..########
..# #.##.........##.########
... #.#..#..##..............
.. ............###..####.##
####+##.#.####.........


You could see a two-headed ogre and an orc.

Vanquished Creatures
  An orc priest (D:3)
  Terence (D:2)
  A gnoll (D:1)
  4 adders
  A worm (D:2)
  9 orcs
  5 bats
  2 endoplasms
  5 giant cockroaches
  2 goblins (D:2)
  5 hobgoblins
  7 jackals
  8 kobolds
  5 quokkas
  6 ball pythons
  3 frilled lizards
  6 rats
71 creatures vanquished.

Vanquished Creatures (others)
  2 toadstools (D:4)
2 creatures vanquished.

Grand Total: 73 creatures vanquished

Notes
Turn   | Place    | Note
-------+----------+-------------------------------------------
     0 | D:1      | Essalna the Gargoyle Earth Elementalist began the quest for
                  | the Orb.
     0 | D:1      | Reached XP level 1. HP: 10/10 MP: 3/3
   484 | D:1      | Reached skill level 4 in Earth Magic
   484 | D:1      | Reached XP level 2. HP: 8/15 MP: 5/5
   827 | D:1      | Reached XP level 3. HP: 14/19 MP: 6/6
   831 | D:1      | Learned a level 3 spell: Stone Arrow
  1391 | D:1      | Reached skill level 1 in Conjurations
  1546 | D:2      | Reached XP level 4. HP: 22/24 MP: 3/8
  1922 | D:2      | Found a faded altar of an unknown god.
  2041 | D:2      | Found Yran's Antique Weapon Emporium.
  2046 | D:2      | Found Dyraah's General Store.
  2437 | D:2      | Found Ifausepu's Armour Shoppe.
  2534 | D:2      | Found Bodyatt's Distillery.
  2557 | D:2      | Found Udaheplu's Weapon Shoppe.
  2645 | D:3      | Noticed Terence
  2664 | D:2      | Killed Terence
  2665 | D:2      | Reached skill level 5 in Earth Magic
  2665 | D:2      | Reached XP level 5. HP: 23/28 MP: 5/9
  3324 | D:4      | Found a staircase to the Ecumenical Temple.
  3362 | D:4      | Found a broken altar of Ashenzari.
  3403 | D:4      | Noticed a two-headed ogre
  3452 | D:4      | HP: 1/28 [two-headed ogre (21)]
  3499 | D:4      | Found an ancient bone altar of Kikubaaqudgha.
  3502 | D:4      | HP: 1/28 [orc (4)]
  3535 | D:4      | Demolished by a two-headed ogre

Illustrated notes

Levels and vault maps discovered:
D:1:      ncdulo_smallfort, layout_loops_ring, kennysheep_decorative_pillar
D:2:      layout_rooms, basic_ecumenical_altar, serial_shops,
          nicolae_shop_stone, nicolae_shop_behind_doors, shop,
          nicolae_shop_hallway_plus, shop_statue, minmay_circle_x
D:3:      layout_rooms, uniq_terence
D:4:      minmay_door_path, layout_loops_ring,
          nicolae_kikubaaqudgha_miasma_corner,
          mainiacjoe_overflow_large_starburst, minmay_temple_entry_mini_moons,
          serial_shops, nicolae_diamond_shop, minmay_gold_behind_fungi,
          minivault_25

Skill      XL: |  1  2  3  4 |
---------------+-------------+-----
Earth Magic    | 4 5 |  5.4
Conjurations   | 1 2 |  2.6
Spellcasting   | 3 |  3.5
Dodging        | |  1.5
Stealth        | |  2.1
Transmutations | |  0.7

Action                   |  1- 3 |  4- 6 || total
-------------------------+-------+-------++-------
Melee: Short sword       |    52 |    82 ||   134
       Punch             |     1 |     1 ||     2
 Cast: Sandblast         |    32 |    47 ||    79
Evoke: Wand              |       |     1 ||     1
 Stab: Sleeping          |     2 |       ||     2
       Paralysed         |       |     6 ||     6
Armor: Robe              |    25 |    62 ||    87
Dodge: Dodged            |    45 |    66 ||   111

Table legend: (Time is in decaauts)
 A = Elapsed time spent in this place.
 B = Non-inter-level travel time spent in this place.
 C = Inter-level travel time spent in this place.
 D = Time resting spent in this place.
 E = Time spent auto-exploring this place.
 F = Levels seen in this place.
 G = Mean time per level.
                   A        B        C        D        E       F      G
               +--------+--------+--------+--------+--------+-----+--------+
         Total |   3550 |   3422 |    128 |    528 |   2230 |   4 |  887.5 |
       Dungeon |   3550 |   3422 |    128 |    528 |   2230 |   4 |  887.5 |
               +--------+--------+--------+--------+--------+-----+--------+

Top non-repeatable levels by time:
     D:1: 1910 daAuts
     D:2: 816 daAuts
     D:3: 603 daAuts
     D:4: 220 daAuts
